 Dungeon Crawl Stone Soup version 0.30-a0-364-gf6b3ef1049 (webtiles) character file.

Game seed: 8184210454008041154

1200 Devinter the Trooper (level 8, -1/52 (62) HPs)
             Began as a Demonspawn Reaver on Nov 16, 2022.
             Was an Initiate of Makhleb.
             Slain by a two-headed ogre
             ... wielding a +0 giant spiked club
              (2 damage)
             ... on level 8 of the Dungeon.
             The game lasted 00:29:04 (4846 turns).

Devinter the Trooper (Demonspawn Reaver)            Turns: 4846, Time: 00:29:05

HP:   -1/52 (62)    AC: 12    Str: 12    XL:     8   Next: 21%
MP:   11/12         EV: 14    Int: 18    God:    Makhleb [......]
Gold: 343           SH:  0    Dex: 17    Spells: 4/13 levels left

rFire   . . .      SeeInvis .    B - +10 long sword of Frustration {venom, rElec Will- Int+4 Dex+2}
rCold   . . .      Faith    .    (no shield)
rNeg    . . .      Spirit   .    b - +0 leather armour
rPois   .          Reflect  .    e - +2 helmet
rElec   +          Harm     .    (no cloak)
rCorr   .          Rampage  .    (no gloves)
Will    .....                    (no boots)
Stlth   +.........               (no amulet)
HPRegen 0.28/turn                (no ring)
MPRegen 0.13/turn                (no ring)

@: weak-willed, sanguine armoured, heavily drained
A: claws 2, demonic guardian 1, sanguine armour 1
a: Renounce Religion


You were on level 8 of the Dungeon.
You worshipped Makhleb.
Makhleb was noncommittal.
You visited 2 branches of the dungeon, and saw 8 of its levels.

You collected 343 gold pieces.

Inventory:

Hand Weapons
 a - a +0 falchion
 j - a +1 short sword of speed
 B - the +10 long sword of Frustration (weapon) {venom, rElec Will- Int+4 Dex+2}
   (You found it on level 5 of the Dungeon)

   It poisons the flesh of those it strikes.
   Int:       It affects your intelligence (+4).
   Dex:       It affects your dexterity (+2).
   rElec:     It insulates you from electricity.
   Will:      It decreases your willpower.
 C - the +6 spear of Nolu {vamp, rF+ rN+}
   (You found it on level 6 of the Dungeon)

   It occasionally heals its wielder for a portion of the damage dealt when it
   wounds a living foe.
   rF:        It protects you from fire.
   rN:        It protects you from negative energy.
Missiles
 z - 4 poisoned darts (quivered)
Armour
 b - a +0 leather armour (worn)
 e - a +2 helmet (worn)
 h - an orb of guile
 w - a +1 scale mail of poison resistance
Wands
 s - a wand of flame (19)
Scrolls
 f - 5 scrolls of identify
 g - 2 scrolls of silence {unknown}
 i - 3 scrolls of teleportation {unknown}
 o - a scroll of butterflies {unknown}
 r - a scroll of brand weapon {unknown}
 t - a scroll of enchant armour
 u - a scroll of amnesia
 v - a scroll of enchant weapon {unknown}
 y - a scroll of noise {unknown}
 E - a scroll of fear
Potions
 c - 2 potions of might {unknown}
 d - 2 potions of berserk rage {unknown}
 k - a potion of cancellation
 l - 6 potions of heal wounds {unknown}
 m - 2 potions of magic {unknown}
 n - 3 potions of flight {unknown}
 p - a potion of haste {unknown}
 q - 3 potions of mutation {unknown}
 x - a potion of curing {unknown}
 D - a potion of brilliance {unknown}


   Skills:
 - Level 5.0 Fighting
 + Level 4.7 Long Blades
 - Level 2.0 Armour
 - Level 5.0 Dodging
 - Level 3.0 Spellcasting
 - Level 3.0 Conjurations
 - Level 3.0 Necromancy
 + Level 3.4 Invocations


You had 4 spell levels left.
You knew the following spells:

 Your Spells              Type           Power      Damage    Failure   Level
a - Magic Dart            Conj           52%        1d5       6%          1
b - Searing Ray           Conj           26%        2d5       9%          2
c - Kiss of Death         Conj/Necr      52%        2d9       6%          1
d - Vampiric Draining     Necr           13%        2d6       19%         3
e - Momentum Strike       Conj/Tloc      16%        3d8       17%         2

Your spell library contained the following spells:

 Spells                   Type           Power      Damage    Failure   Level
 Slow                     Hex            8%         N/A       21%         1
 Hailstorm                Conj/Ice       8%         3d4       32%         3
 Confusing Touch          Hex            2%         N/A       52%         3
 Fulminant Prism          Conj/Hex       4%         3d5       73%         4


Dungeon Overview and Level Annotations

Branches:
Dungeon (6/15)             Temple (1/1) D:6

Altars:
Ashenzari
Dithmenos
Fedhas
Gozag
Hepliaklqana
Kikubaaqudgha
Makhleb
Nemelex Xobeh
Okawaru
Qazlal
Ru
Sif Muna
Uskayaw
Vehumet
Wu Jian
Xom
Yredelemnul


Innate Abilities, Weirdness & Mutations

You have very sharp fingernails.
A weak demonic guardian rushes to your aid.
When seriously injured, your blood forms armour. (AC +6)


Message History

As you read the scroll labelled ZEJIAS KURU, it crumbles to dust.
You assume a fearsome visage.
The two-headed ogre resists with some effort.
The kobold brigand looks frightened!
The kobold looks frightened! x4
It was a scroll of fear.
A kobold comes into view. It is wielding a +0 club.
Casting: Searing Ray (safe; 9% risk of failure)
Confirm with . or Enter, or press ? or * to list all spells.
Aiming: Kiss of Death (safe; 6% risk of failure)
Press: ? - help, Shift-Dir - straight line, f - two-headed ogre
Aim: a two-headed ogre, wielding a +0 giant spiked club and a +0 dire flail (weak-willed, 100% to hit)
The negative energy hits the two-headed ogre!
The two-headed ogre is drained!
The two-headed ogre is moderately wounded.
You feel drained.
The kobold shouts!
The two-headed ogre hits you with a +0 giant spiked club!
The two-headed ogre barely misses you.
Cornered, the kobold turns to fight!
You slash the two-headed ogre!
The two-headed ogre looks as sick as possible!
The two-headed ogre is moderately wounded.
The two-headed ogre closely misses you.
The two-headed ogre hits you with a +0 dire flail!
Your blood congeals into armour.
You barely miss the two-headed ogre.
The two-headed ogre is heavily wounded.
You slash the two-headed ogre!
The two-headed ogre looks as sick as possible!
The two-headed ogre is heavily wounded.
The two-headed ogre hits you with a +0 giant spiked club!!
* * * LOW HITPOINT WARNING * * *
A demonic guardian appears!
The two-headed ogre hits you with a +0 dire flail.
* * * LOW HITPOINT WARNING * * *
Cornered, the kobold brigand turns to fight!
You hit the two-headed ogre.
The two-headed ogre looks as sick as possible!
The two-headed ogre is severely wounded.
The two-headed ogre hits you with a +0 giant spiked club.
You die...

#. ##. #.. .. #..
#. #..##. #.....
#...#. ##.######
#..... KK=KK..5#
##..#. #@# #....
#O# .# ##### #.#
#≈≈ ≈≈# #.#
#≈#####≈# #.#
######≈#≈≈≈#≈# #.#
#.....≈#≈_≈#≈# #.#
#.# #≈#≈.≈#≈#
#.###.####≈##.##≈#
#........?≈≈≈.≈≈≈.


You could see a two-headed ogre (extremely poisoned, weak-willed, drained, ally
target), a kobold brigand (weak-willed), 3 kobolds and a friendly shadow imp
(summoned).

Vanquished Creatures
  Eustachio (D:5)
  An ice beast (D:5)
  3 black bears
  A phantom (D:4)
  A bullfrog (D:6)
  3 necrophages
  A hound (D:6)
  2 orc priests (D:5)
  A jelly (D:6)
  Jessica (D:2)
  4 iguanas
  Natasha (D:2)
  An orc wizard (D:5)
  5 adders
  An ufetubus (D:6)
  A dart slug (D:3)
  8 orcs
  4 bats
  6 endoplasms
  3 giant cockroaches (D:2)
  A goblin (D:2)
  7 hobgoblins
  6 kobolds
  4 quokkas
  3 ball pythons
  4 frilled lizards
  2 rats
76 creatures vanquished.

Notes
Turn   | Place    | Note
-------+----------+-------------------------------------------
     0 | D:1      | Devinter the Demonspawn Reaver began the quest for the Orb.
     0 | D:1      | Reached XP level 1. HP: 16/16 MP: 3/3
   315 | D:1      | Found Tips's Weapon Emporium.
   351 | D:1      | Reached skill level 2 in Dodging
   358 | D:1      | Learned a level 1 spell: Magic Dart
   401 | D:1      | Reached skill level 1 in Necromancy
   401 | D:1      | Gained mutation: You have sharp fingernails. [demonic
                  | ancestry]
   401 | D:1      | Reached XP level 2. HP: 22/22 MP: 5/5
   436 | D:1      | Reached skill level 3 in Long Blades
   828 | D:2      | Reached XP level 3. HP: 27/27 MP: 2/7
  1114 | D:2      | Noticed Jessica
  1114 | D:2      | Noticed Natasha
  1121 | D:2      | Killed Natasha
  1122 | D:2      | Reached skill level 3 in Spellcasting
  1142 | D:2      | Killed Jessica
  1143 | D:2      | Reached skill level 3 in Fighting
  1143 | D:2      | Reached XP level 4. HP: 29/35 MP: 6/8
  1287 | D:3      | Found a faded altar of an unknown god.
  1580 | D:3      | Found a sacrificial altar of Ru.
  1721 | D:3      | Learned a level 2 spell: Searing Ray
  1741 | D:3      | Noticed a gnoll sergeant
  2030 | D:3      | Learned a level 3 spell: Vampiric Draining
  2162 | D:4      | Noticed a necrophage
  2177 | D:4      | Killed a necrophage
  2178 | D:4      | Reached skill level 4 in Fighting
  2178 | D:4      | Reached skill level 2 in Necromancy
  2178 | D:4      | Reached XP level 5. HP: 23/42 MP: 4/9
  2336 | D:4      | Found a blossoming altar of Fedhas.
  2506 | D:4      | Noticed a phantom
  2532 | D:4      | Killed a phantom
  2533 | D:4      | Reached skill level 3 in Necromancy
  2533 | D:4      | Gained mutation: You have very sharp fingernails. [demonic
                  | ancestry]
  2533 | D:4      | Reached XP level 6. HP: 38/49 MP: 1/10
  2961 | D:5      | Entered Level 5 of the Dungeon
  3000 | D:5      | Reached skill level 5 in Fighting
  3078 | D:5      | Reached skill level 2 in Armour
  3188 | D:5      | Noticed Eustachio
  3279 | D:6      | Reached skill level 3 in Dodging
  3384 | D:5      | Killed Eustachio
  3385 | D:5      | Reached skill level 4 in Dodging
  3385 | D:5      | Gained mutation: A weak demonic guardian rushes to your
                  | aid. [demonic ancestry]
  3385 | D:5      | Reached XP level 7. HP: 26/55 MP: 5/11
  3505 | D:5      | Identified the +10 long sword of Frustration {venom, rElec
                  | Will- Int+4 Dex+2}
  3857 | D:5      | Learned a level 2 spell: Momentum Strike
  4272 | D:6      | Found a staircase to the Ecumenical Temple.
  4280 | Temple   | Entered the Ecumenical Temple
  4469 | Temple   | Became a worshipper of Makhleb the Destroyer
  4500 | D:6      | Reached skill level 4 in Long Blades
  4500 | D:6      | Reached skill level 5 in Dodging
  4500 | D:6      | Reached skill level 1 in Invocations
  4561 | D:6      | Identified the +6 spear of Nolu {vamp, rF+ rN+}
  4574 | D:6      | Reached skill level 2 in Invocations
  4574 | D:6      | Gained mutation: When seriously injured, your blood forms
                  | armour. (AC +6) [demonic ancestry]
  4574 | D:6      | Reached XP level 8. HP: 43/62 MP: 7/12
  4786 | D:6      | Reached skill level 3 in Invocations
  4796 | D:6      | You fall into a shaft and drop 2 floors!
  4799 | D:8      | Noticed a two-headed ogre
  4814 | D:8      | Found an iron altar of Okawaru.
  4814 | D:8      | Found a hazy altar of Hepliaklqana.
  4845 | D:8      | HP: 5/52 [two-headed ogre/+0 giant spiked club (22)]
  4845 | D:8      | HP: 1/52 [two-headed ogre/+0 giant spiked club (4)]
  4846 | D:8      | Slain by a two-headed ogre

Illustrated notes

Levels and vault maps discovered:
D:1:      eino_arrival_water_star, layout_basic, serial_shops,
          nicolae_shop_advertising_works [nicolae_subvault_shop_adworks]
D:2:      layout_rooms, kennysheep_jessica_study, uniq_natasha
D:3:      layout_loops_cross, old_standard_altar,
          dilly_ecumenical_altar_fadedgnrine, dreamdust_princess_bridge,
          minmay_ruptured
D:4:      layout_basic, nicolae_overflow_crystal_walls
D:5:      layout_basic, uniq_eustachio
D:6:      layout_loops_ring, minmay_temple_entry_ruins
D:8:      layout_loops_ring, nicolae_overflow_two_pavilions,
          overflow_temple_1_default, david_lair_shrubbed,
          corexii_hall_statues_i, dk_noncrumbling_2, grunt_ministairs_5,
          hangedman_decor_points
Temple:   bh_familiar_temple

Skill      XL: |  1  2  3  4  5  6  7  8 |
---------------+-------------------------+-----
Dodging        | 2 4 5 |  5.0
Necromancy     | 1 2 3 |  3.0
Long Blades    | 3 4 |  4.7
Spellcasting   | 3 |  3.0
Fighting       | 3 4 5 |  5.0
Armour         | 2 |  2.0
Invocations    | 2 3 |  3.4
Conjurations   | |  3.0

Action                   |  1- 3 |  4- 6 |  7- 9 || total
-------------------------+-------+-------+-------++-------
Melee: Falchion          |    26 |       |       ||    26
       Short sword       |    69 |   176 |       ||   245
       Punch             |     1 |     4 |       ||     5
       Long sword        |       |       |    32 ||    32
Throw: Dart              |       |     4 |       ||     4
 Cast: Magic Dart        |     6 |    25 |     1 ||    32
       Searing Ray       |       |     9 |    12 ||    21
       Kiss of Death     |       |     1 |     1 ||     2
       Momentum Strike   |       |       |     3 ||     3
       Vampiric Draining |       |       |     1 ||     1
  Use: Scroll            |       |       |     5 ||     5
Armor: Leather armour    |    31 |    44 |    10 ||    85
Dodge: Dodged            |    36 |    94 |    36 ||   166

Table legend: (Time is in decaauts)
 A = Elapsed time spent in this place.
 B = Non-inter-level travel time spent in this place.
 C = Inter-level travel time spent in this place.
 D = Time resting spent in this place.
 E = Time spent auto-exploring this place.
 F = Levels seen in this place.
 G = Mean time per level.
                   A        B        C        D        E       F      G
               +--------+--------+--------+--------+--------+-----+--------+
         Total |   4763 |   4615 |    148 |    827 |   1087 |   8 |  595.4 |
       Dungeon |   4551 |   4434 |    117 |    827 |    935 |   7 |  650.1 |
        Temple |    211 |    180 |     31 |      0 |    152 |   1 |  211.0 |
               +--------+--------+--------+--------+--------+-----+--------+

Top non-repeatable levels by time:
     D:5: 1066 daAuts
     D:4: 912 daAuts
     D:3: 746 daAuts
     D:1: 699 daAuts
     D:2: 606 daAuts
     D:6: 469 daAuts
  Temple: 211 daAuts
     D:8: 50 daAuts
